 Dungeon Crawl Stone Soup version 0.29-a0-322-g68df515428 (webtiles) character file.

Game seed: 15624102740802570043

42197 kae the Zephyrmancer (level 14, -9/149 HPs)
             Began as an Ogre Air Elementalist on Apr 9, 2022.
             Was an Initiate of Gozag.
             Mangled by a small abomination (18 damage)
             ... on level 6 of the Lair of Beasts.
             The game lasted 00:29:38 (35896 turns).

kae the Zephyrmancer (Ogre Air Elementalist)       Turns: 35896, Time: 00:29:38

Health: -9/149     AC:  8    Str: 15    XL:     14   Next: 18%
Magic:  7/37       EV: 12    Int: 20    God:    Gozag
Gold:   3285       SH:  0    Dex:  9    Spells: 21/33 levels left

rFire   . . .      SeeInvis .   K - +8 whip "Snakebite" {venom, curare, rPois}
rCold   . . .      Faith    .   (no shield)
rNeg    + . .      Spirit   .   P - +2 robe {rN+}
rPois   +          Reflect  .   (helmet restricted)
rElec   .          Harm     .   l - +2 cloak
rCorr   .          Rampage  .   (gloves unavailable)
Will    +....                   (boots unavailable)
Stlth   +++.......              B - amulet of the acrobat
HPRegen 0.34/turn               G - ring of poison resistance
MPRegen 0.25/turn               J - ring of magical power

@: gold aura
A: large, unfitting armour, tough skin 1
a: Renounce Religion, Potion Petition, Call Merchant, Bribe Branch


You were on level 6 of the Lair of Beasts.
You worshipped Gozag.
Gozag was most pleased with you.
You visited 3 branches of the dungeon, and saw 17 of its levels.

You collected 3403 gold pieces.
You paid 118 gold pieces to Gozag.

Inventory:

Hand Weapons
 K - the +8 whip "Snakebite" (weapon) {venom, curare, rPois}
   (You found it on level 1 of the Lair of Beasts)

   It poisons the flesh of those it strikes.
   It occasionally inflicts asphyxiating poison on those it strikes, dealing
   poison damage and causing slowness.
   rPois:     It protects you from poison.
Missiles
 j - 2 throwing nets
Armour
 l - a +2 cloak (worn)
 P - a +2 robe of positive energy (worn)
Jewellery
 a - a ring of resist corrosion
 i - a ring of fire
 B - an amulet of the acrobat (around neck)
 D - a ring of see invisible
 G - a ring of poison resistance (left hand)
 J - a ring of magical power (right hand)
 M - a ring of ice
Wands
 b - a wand of charming (6)
 n - a wand of acid (12)
 q - a wand of flame (29)
 y - a wand of paralysis (10)
 I - a wand of polymorph (1)
 O - a wand of iceblast (5)
Scrolls
 g - 5 scrolls of teleportation
 h - 3 scrolls of amnesia
 k - a scroll of summoning
 o - 8 scrolls of fear
 r - 2 scrolls of holy word
 t - 5 scrolls of enchant armour
 w - 2 scrolls of fog
 C - 2 scrolls of enchant weapon
 F - 2 scrolls of blinking
 H - 6 scrolls of identify
 N - 2 scrolls of magic mapping
Potions
 c - 5 potions of curing
 d - 5 potions of attraction
 e - 2 potions of mutation
 m - 2 potions of might
 p - 2 potions of heal wounds
 s - a potion of cancellation
 u - 3 potions of lignification
 v - a potion of haste
 x - 3 potions of invisibility
 z - a potion of berserk rage
 A - a potion of flight
 E - a potion of brilliance
 L - 4 potions of magic


   Skills:
 + Level 12.0 Fighting
 + Level 8.8 Dodging
 + Level 8.1 Stealth
 + Level 10.4 Spellcasting
 + Level 8.6 Conjurations
 * Level 12.4 Air Magic


You had 21 spell levels left.
You knew the following spells:

 Your Spells              Type           Power      Damage    Failure   Level
a - Shock                 Conj/Air       100%       1d9       1%          1
b - Static Discharge      Conj/Air       51%        N/A       1%          2
c - Airstrike             Air            28%        N/A       1%          4
d - Swiftness             Air            56%        N/A       1%          3
e - Poisonous Vapours     Pois/Air       70%        N/A       1%          2

Your spell library contained the following spells:

 Spells                   Type           Power      Damage    Failure   Level
 Corpse Rot               Necr/Air       70%        N/A       1%          2
 Animate Skeleton         Necr           20%        N/A       7%          1
 Apportation              Tloc           20%        N/A       7%          1
 Summon Small Mammal      Summ           40%        N/A       7%          1
 Inner Flame              Hex/Fire       10%        N/A       21%         3
 Tukima's Dance           Hex            10%        N/A       21%         3
 Anguish                  Hex/Necr       5%         N/A       54%         4
 Animate Dead             Necr           5%         N/A       54%         4
 Cause Fear               Hex            5%         N/A       54%         4
 Borgnjor's Vile Clutch   Necr/Erth      5%         N/A       88%         5
 Death Channel            Necr           5%         N/A       100%        6
 Enfeeble                 Hex            5%         N/A       100%        7
 Discord                  Hex            5%         N/A       100%        8


Dungeon Overview and Level Annotations

Branches:
Dungeon (10/15)            Temple (1/1) D:7            Lair (6/6) D:8
 Shoals (0/4) Lair:3        Snake (0/4) Lair:3        Slime (0/5) Lair:5
    Orc (0/2) D:9

Altars:
Ashenzari
Cheibriados
Dithmenos
Elyvilon
Fedhas
Gozag
Hepliaklqana
Kikubaaqudgha
Makhleb
Nemelex Xobeh
Okawaru
Qazlal
Ru
Sif Muna
Trog
Uskayaw
Vehumet
Wu Jian
Xom
Yredelemnul
Zin
The Shining One

Shops:
D:4 (   D:6 *

Annotations:
D:4 Dowan, Duvessa
D:7 exclusion: killer bee
D:8 6 transporters, Maurice
Lair:1 exclusion: oklob plant
Lair:2 Gastronok
Lair:5 exclusion: 2 oklob plants


Innate Abilities, Weirdness & Mutations

You are too large for most types of armour.
You have tough skin. (AC +1)


Message History

You are too injured to fight recklessly!
You are too injured to fight recklessly!
You miss the tarantella.
The tarantella is almost dead.
The tarantella touches you!
You are too injured to fight recklessly!
You are too injured to fight recklessly!
You whack the tarantella!
You kill the tarantella!
The tarantella's shape twists and changes as it dies.
You are too injured to fight recklessly!
You are too injured to fight recklessly!
You hit the small abomination but do no damage.
The small abomination barely misses you.
The small abomination closely misses you.
You're too confused to move!
The small abomination hits you!
You bump into the tree.
The small abomination hits you!!
* * * LOW HITPOINT WARNING * * *
You're too confused to move!
The small abomination closely misses you.
You bump into the tree.
The small abomination hits you but does no damage.
The small abomination misses you.
You hit the small abomination.
The small abomination is moderately damaged.
You feel less confused.
The small abomination hits you but does no damage.
You hit the small abomination but do no damage.
The small abomination is moderately damaged.
The small abomination hits you!
* * * LOW HITPOINT WARNING * * *
You hit the small abomination.
The small abomination is moderately damaged.
The small abomination hits you!
* * * LOW HITPOINT WARNING * * *
You closely miss the small abomination.
The small abomination is moderately damaged.
The small abomination hits you!!
You die...
Your body crumbles into a pile of gold.

♣♣♣♣♣♣♣ ♣
♣♣♣♣.[@x$♣ ♣
♣♣♣♣.....♣♣..$....
♣ ♣♣^......♣♣
♣♣♣....
♣♣..(...♣♣♣ ..♣
♣♣♣.......♣ ♣ ♣♣
♣♣♣♣......♣♣...♣
♣♣♣...
.♣♣....♣♣♣♣♣♣....
♣..... .....♣♣♣
♣♣♣.♣ ♣♣....
....♣♣ ♣ ♣P....


You could see a small abomination.

Vanquished Creatures
  Josephine (Lair:4)
  4 hydras
  A boulder beetle (Lair:6)
  2 two-headed ogres (D:10)
  9 death yaks
  Urug (D:10)
  Sonja (Lair:4)
  3 lindwurms (Lair:3)
  3 black mambas
  A faun (shapeshifter) (Lair:6)
  2 merfolk sirens (Lair:3)
  4 elephants (Lair:6)
  A gargoyle (D:10)
  9 cane toads
  2 rime drakes
  11 komodo dragons
  An ancient zyme (Lair:6)
  3 polar bears
  2 hornets (D:9)
  A tarantella (shapeshifter) (Lair:6)
  A troll (D:9)
  6 dream sheep (Lair:6)
  17 blink frogs
  6 wraiths
  3 fire bats (Lair:3)
  23 yaks
  A chaos spawn (Lair:6)
  7 basilisks
  5 wyverns
  A steam dragon (Lair:3)
  A large abomination (Lair:5)
  28 water moccasins
  An orc warrior (D:10)
  An ice beast (D:5)
  A sky beast (D:7)
  2 black bears
  13 wolves
  4 centaurs
  A phantom (D:6)
  2 kobold brigands
  10 bullfrogs
  2 necrophages
  A gnoll sergeant (D:5)
  7 small abominations (Lair:6)
  7 killer bees
  2 electric eels (Lair:3)
  A howler monkey (D:6)
  A jelly (D:6)
  A gnoll shaman (Lair:1)
  8 orc priests
  2 hounds (D:6)
  3 iguanas
  6 orc wizards
  2 hell rats (Lair:4)
  3 gnolls (D:5)
  17 adders
  2 river rats (Lair:4)
  3 shadow imps
  2 white imps (D:6)
  A worm (D:4)
  4 dart slugs
  33 orcs
  4 endoplasms (D:2)
  5 giant cockroaches
  7 goblins
  5 hobgoblins
  18 kobolds
  2 quokkas
  5 ball pythons
  4 bats
  5 frilled lizards
  10 rats
369 creatures vanquished.

Vanquished Creatures (collateral kills)
  A killer bee (D:9)
1 creature vanquished.

Vanquished Creatures (others)
  A killer bee (D:10)
  34 fungi
  127 plants
162 creatures vanquished.

Grand Total: 532 creatures vanquished

Notes
Turn   | Place    | Note
-------+----------+-------------------------------------------
     0 | D:1      | kae the Ogre Air Elementalist began the quest for the Orb.
     0 | D:1      | Reached XP level 1. HP: 16/16 MP: 3/3
   250 | D:1      | Reached skill level 1 in Conjurations
   380 | D:1      | Reached XP level 2. HP: 26/26 MP: 0/5
   452 | D:1      | Learned a level 2 spell: Static Discharge
  1252 | D:2      | Reached XP level 3. HP: 32/32 MP: 2/6
  1331 | D:2      | Learned a level 3 spell: Swiftness
  1689 | D:2      | Reached skill level 1 in Fighting
  1987 | D:2      | Reached XP level 4. HP: 41/41 MP: 5/8
  3169 | D:3      | Reached XP level 5. HP: 35/48 MP: 0/9
  3546 | D:3      | Learned a level 4 spell: Airstrike
  3756 | D:4      | Found Mamn's Weapon Shop.
  4551 | D:4      | Noticed Duvessa
  4551 | D:4      | Noticed Dowan
  5986 | D:5      | Entered Level 5 of the Dungeon
  6052 | D:5      | Noticed an ice beast
  6347 | D:5      | Reached XP level 6. HP: 31/57 MP: 1/10
  7310 | D:6      | Noticed a water moccasin
  7764 | D:5      | Killed an ice beast
  7765 | D:5      | Reached XP level 7. HP: 52/66 MP: 2/12
  8372 | D:6      | Reached skill level 5 in Air Magic
  8504 | D:6      | Found Xyuphieb's Neck Hole.
  8564 | D:6      | Reached XP level 8. HP: 59/78 MP: 5/14
 10460 | D:7      | Found a staircase to the Ecumenical Temple.
 10493 | Temple   | Entered the Ecumenical Temple
 10682 | Temple   | Became a worshipper of Gozag Ym Sagoz the Greedy
 11220 | D:8      | Found a transporter.
 11321 | D:8      | Found a transporter.
 11332 | D:8      | Found a transporter.
 11557 | D:8      | Found a transporter.
 11559 | D:8      | Found a transporter.
 11624 | D:8      | Reached skill level 5 in Fighting
 11721 | D:8      | Noticed Maurice
 11839 | D:8      | Reached skill level 5 in Spellcasting
 11839 | D:8      | Reached XP level 9. HP: 88/88 MP: 10/16
 11978 | D:8      | Learned a level 2 spell: Poisonous Vapours
 12218 | D:8      | Found a transporter.
 12741 | D:8      | Noticed a komodo dragon
 12997 | D:8      | Found a basalt altar of Yredelemnul.
 13053 | D:8      | Found a staircase to the Lair.
 13875 | D:9      | Noticed a hornet
 13879 | D:9      | Killed a hornet
 14037 | D:9      | Found a staircase to the Orcish Mines.
 14903 | D:9      | Noticed a hornet
 14907 | D:9      | Killed a hornet
 14938 | D:9      | Reached skill level 5 in Dodging
 15347 | D:9      | Reached XP level 10. HP: 100/100 MP: 5/19
 15854 | D:10     | Entered Level 10 of the Dungeon
 15958 | D:9      | Reached skill level 5 in Conjurations
 16524 | D:10     | Noticed a two-headed ogre
 16797 | D:10     | Noticed Urug
 16821 | D:10     | Killed Urug
 16822 | D:10     | Reached skill level 5 in Stealth
 17151 | D:10     | Noticed a two-headed ogre
 17156 | D:10     | Killed a two-headed ogre
 17352 | D:10     | Noticed a gargoyle
 17359 | D:10     | Killed a gargoyle
 17807 | D:10     | Killed a two-headed ogre
 17808 | D:10     | Reached XP level 11. HP: 111/111 MP: 4/21
 18988 | Lair:1   | Entered Level 1 of the Lair of Beasts
 19012 | Lair:1   | Found a blossoming altar of Fedhas.
 19014 | Lair:1   | Noticed an oklob plant
 21090 | Lair:1   | Found the +8 whip "Snakebite" {venom, curare, rPois}
 21233 | Lair:1   | Noticed a four-headed hydra
 21238 | Lair:1   | Killed a four-headed hydra
 22337 | Lair:2   | Noticed Gastronok
 23091 | Lair:2   | Identified the +8 rapier "Lunit" {protect, rN+ Will+}
 23137 | Lair:2   | Noticed a six-headed hydra
 23142 | Lair:2   | Killed a six-headed hydra
 24036 | Lair:3   | Reached XP level 12. HP: 123/123 MP: 7/24
 24446 | Lair:3   | Reached skill level 10 in Air Magic
 25365 | Lair:3   | Found a staircase to the Snake Pit.
 25928 | Lair:3   | Reached skill level 10 in Fighting
 26368 | Lair:3   | Found a staircase to the Shoals.
 27566 | Lair:4   | Noticed Josephine
 27581 | Lair:4   | Killed Josephine
 28496 | Lair:4   | Noticed Sonja
 28516 | Lair:4   | Killed Sonja
 28517 | Lair:4   | Reached XP level 13. HP: 114/133 MP: 21/26
 30538 | Lair:5   | Found a staircase to the Slime Pits.
 31063 | Lair:6   | Entered Level 6 of the Lair of Beasts
 33188 | Lair:6   | Found a hide-covered altar of Uskayaw.
 33192 | Lair:6   | Found an ornate altar of the Wu Jian Council.
 33522 | Lair:6   | Reached skill level 10 in Spellcasting
 34187 | Lair:6   | Reached XP level 14. HP: 59/148 MP: 22/28
 35896 | Lair:6   | Mangled by a small abomination

Illustrated notes

Levels and vault maps discovered:
D:1:      giann_bridges, layout_loops_ring
D:2:      minmay_recursive_quarters, layout_basic
D:3:      layout_rooms
D:4:      nicolae_cairo_tiling_large, layout_basic, serial_shops,
          nicolae_shop_bloodbath_and_beyond, serial_glass, glass_columns_c,
          glass_columns_a, minmay_strange_pillars, roderic_serpentine_path,
          uniq_duvessa
D:5:      layout_cave_pools
D:6:      layout_cave_pods, nicolae_shop_sticking_my_neck_out
D:7:      layout_basic, minmay_temple_entry_offerings
D:8:      layout_loops_ring, mainiacjoe_overflow_six_doors_small,
          david_lair_shrubbed, serial_nicolae_subway, nicolae_sub_station_stone,
          nicolae_sub_station_crystal, nicolae_sub_station_metal, uniq_maurice
D:9:      layout_roguey, orc_0_dummy
D:10:     layout_basic, uniq_urug
Temple:   kilobyte_greek_temple
Lair:1:   minmay_guarded_unrand_snakebite, layout_cave_pods, st_stairs_11,
          hangedman_tree_tricks, dreamdust_gnoll_shepherd, grunt_megastairs_3
Lair:2:   layout_regular_city, infiniplex_staircase_pool_2, uniq_gastronok
Lair:3:   layout_misc_corridors, elwin_shoals_entry_rooms,
          minmay_snake_entry_six_corridors, nicolae_volcano_entry_vermiform,
          nicolae_lair_lindhole, infiniplex_staircase_pool
Lair:4:   layout_loops_ring, kennysheep_abandoned_house, uniq_sonja,
          uniq_josephine
Lair:5:   minmay_lair_oklob_tunnel, layout_regular_city, dpeg_slime_entry_corner
Lair:6:   hellmonk_lair_end_abyssal_woods, layout_cellular_growth, minivault_24,
          minivault_27, serial_bayou_lagoon_a, nzn_masters_of_martial_movement

Skill      XL: |  1  2  3  4  5  6  7  8  9 10 11 12 13 14 |
---------------+-------------------------------------------+-----
Conjurations   | 1 2 3 4 5 6 7 8 |  8.6
Air Magic      | 3 4 5 6 7 8 9 11 12 | 12.4
Dodging        | 2 3 4 5 6 7 8 |  8.8
Fighting       | 1 2 3 5 6 8 9 10 11 12 | 12.0
Stealth        | 2 3 4 5 6 7 8 |  8.1
Spellcasting   | 3 4 5 6 7 8 9 10 | 10.4

Action                   |  1- 3 |  4- 6 |  7- 9 | 10-12 | 13-15 || total
-------------------------+-------+-------+-------+-------+-------++-------
Melee: Unarmed           |    14 |       |       |       |       ||    14
       Dagger            |     6 |   111 |   113 |    58 |       ||   288
       Whip              |       |       |       |   175 |   213 ||   388
       Punch             |       |       |       |     2 |     2 ||     4
 Cast: Shock             |    66 |   168 |    93 |     9 |    13 ||   349
       Static Discharge  |     3 |    19 |    44 |    36 |    17 ||   119
       Swiftness         |       |     2 |     2 |     1 |     1 ||     6
       Airstrike         |       |       |    54 |   279 |   200 ||   533
       Poisonous Vapours |       |       |    11 |       |       ||    11
Evoke: Wand              |       |       |       |     5 |       ||     5
  Use: Scroll            |     3 |    15 |     4 |    13 |     2 ||    37
       Potion            |       |       |     1 |     4 |     1 ||     6
 Stab: Sleeping          |       |     1 |     2 |     3 |       ||     6
       Distracted        |       |       |       |     2 |     2 ||     4
       Petrified         |       |       |       |       |     2 ||     2
Armor: Robe              |    16 |    64 |   109 |    91 |    45 ||   325
Dodge: Dodged            |    32 |    76 |   126 |   271 |   124 ||   629

Table legend: (Time is in decaauts)
 A = Elapsed time spent in this place.
 B = Non-inter-level travel time spent in this place.
 C = Inter-level travel time spent in this place.
 D = Time resting spent in this place.
 E = Time spent auto-exploring this place.
 F = Levels seen in this place.
 G = Mean time per level.
                   A        B        C        D        E       F      G
               +--------+--------+--------+--------+--------+-----+--------+
         Total |  36103 |  34932 |   1171 |  12346 |  18591 |  17 | 2123.7 |
       Dungeon |  18803 |  18109 |    694 |   5986 |  10086 |  10 | 1880.3 |
        Temple |    225 |    189 |     36 |     72 |    111 |   1 |  225.0 |
          Lair |  17073 |  16632 |    441 |   6288 |   8394 |   6 | 2845.5 |
               +--------+--------+--------+--------+--------+-----+--------+

Top non-repeatable levels by time:
  Lair:3: 3657 daAuts
  Lair:6: 3562 daAuts
     D:9: 3373 daAuts
  Lair:1: 2743 daAuts
  Lair:5: 2736 daAuts
  Lair:2: 2390 daAuts
     D:4: 2369 daAuts
     D:6: 2311 daAuts
     D:8: 2090 daAuts
    D:10: 2087 daAuts
  Lair:4: 1983 daAuts
     D:2: 1821 daAuts
     D:7: 1378 daAuts
     D:5: 1264 daAuts
     D:1: 1180 daAuts
